AoeStats
← FreezeFrost

Hideout

508192996Analyzed
1v1 RM · 10d ago on Sep 21, 2026· 70m 43s· 2 players
Game mode
Random Map
Map size
Tiny (2 player)
Population
200
Speed
Normal
Resources
Standard
Victory
Conquest
Starting age
Dark Age
Ending age
Imperial Age
RankedLock teamsTeams togetherTeam positionsShared explorationLock speedFull tech treeHidden civsTurbo modeCheats
Victory
Defeat
🇫🇷 Khmer · France
620
+21
🇩🇪 Turks · Germany
741
-21
charcouille
0:31 Loom
14:37 Feudal Age
21:07 Castle Age
20:00 Horse Collar
20:11 Double-Bit Axe
20:32 Gold Mining
24:44 Bow Saw
24:38 Heavy Plow
24:45 Stone Mining
25:43 Wheelbarrow
25:05 Town Watch
42:49 Imperial Age
44:50 Bloodlines
44:02 Light Cavalry
46:01 Town Patrol
47:08 Hand Cart
48:53 Chemistry
50:17 Forging
50:08 Scale Mail Armor
50:14 Scale Barding Armor
50:29 Herbal Medicine
50:33 Murder Holes
50:49 Fortified Wall
51:39 Gold Shaft Mining
52:31 Stone Shaft Mining
52:41 Ballistics
52:33 Masonry
52:13 Pikeman
53:31 Halberdier
53:57 Arson
55:00 Chain Mail Armor
55:34 Iron Casting
55:46 Chain Barding Armor
56:37 Tusk Swords
56:57 Husbandry
56:20 Hussar
58:09 Blast Furnace
59:06 Double Crossbow
62:41 Plate Barding Armor
63:01 Architecture
FreezeFrost
11:09 Feudal Age
12:17 Double-Bit Axe
13:04 Loom
16:52 Castle Age
23:02 Imperial Age
30:08 Horse Collar
33:56 Fletching
34:16 Forging
34:09 Padded Archer Armor
42:22 Heavy Plow
42:59 Wheelbarrow
44:18 Thumb Ring
44:35 Bow Saw
45:18 Iron Casting
46:22 Ballistics
48:58 Elite Janissary
50:02 Sipahi
52:29 Bodkin Arrow
52:41 Scale Barding Armor
55:00 Bracer
56:01 Blast Furnace
56:36 Hand Cart
65:47 Leather Archer Armor
65:33 Scale Mail Armor
Connection lost

Rejoining the realm…

Still unreachable

The connection could not be restored.

Session expired

The server has moved on; the page needs a fresh start.